Unix NetHack Version 5.0.0-0 post-release - last build May 17 2026 04:57:42 (dc50c8380fa5e20985bfe3072449f57b8d9895ef,branch:main).

Game began 2026-05-20 02:15:58, ended 2026-05-20 03:26:35.

Kwijibo4686, neutral female human Valkyrie

                              --------
                              |...|.>-------------
                              |......^........`@`|
                              |-..|..-----------@|
                              |...|..|...--|....o|
                              |...|...-...-|.....|
                              |...--.....*.|.....|
                              |-.|..-..|.-.|..<..|
                              |..|.....|...|.....|
                              |.....-..|.-.|.....|
                              |`......`|...|.....|
                              --------------------

Kwijibo4686 the Fighter     St:18 Dx:16 Co:18 In:9 Wi:7 Ch:7  Neutral
Dlvl:3  $:0  HP:0(88) Pw:18(18) AC:0  Xp:9 T:8917  Burdened

Latest messages:
 The Woodland-elf throws an elven dagger!
 An elven dagger misses you.
 The Woodland-elf picks up an elven dagger.
 You fall down the stairs.
 The Woodland-elf wields an elven short sword!
 You have a little trouble lifting W - a clay ring.
 The Woodland-elf wields an elven bow!
 The Woodland-elf wields an elven short sword!
 The mountain nymph charms you.  You gladly hand over your shield.
 She stole an uncursed rotted +3 small shield.
 A mysterious force prevents the mountain nymph from teleporting!
 The hill orc hits!
 The Woodland-elf wields an elven bow!
 What do you want to read? [uvHIJ or ?*] u
 As you read the scroll, it disappears.
 The ceiling rumbles above you!
 The hill orc is hit by a boulder!
 Fortunately, the hill orc is wearing a hard helmet.
 You are hit by a boulder!
 Fortunately, you are wearing a hard helmet.
 The hill orc misses!
 You hit the hill orc!
 The hill orc zaps a platinum wand!
 The hill orc has made a hole in the doorway.
 The hill orc falls through...
 The boulder plugs a hole.
 You kill the hobgoblin!
 You hit the Woodland-elf!
 The Woodland-elf thrusts his elven short sword.
 The Woodland-elf hits!
 What do you want to use or apply? [aiptwyBEKM-ORVZ or ?*] a
 What do you want to write with? [- inptDEGKNVW or ?*] -
 You write in the dust with your fingertip.
 What do you want to write in the dust here? Elbereth
 The Woodland-elf thrusts his elven short sword.
 The Woodland-elf misses!
 Are you waiting to get hit?  Use 'm' prefix to force a no-op (to rest).
 Something is written here in the dust.
 You read: "Elbereth".
 You see here a boulder.
 The '-' prefix should be followed by a movement command.
 You already found a monster.  Use 'm' prefix to force another search.
 Double m prefix, canceled.
 Double m prefix, canceled.
 You already found a monster.  Use 'm' prefix to force another search.
 Are you waiting to get hit?  Use 'm' prefix to force a no-op (to rest).
 The Woodland-elf thrusts his elven short sword.
 The Woodland-elf hits!
 You die...
 Do you want your possessions identified? [ynq] (y) q

Inventory:
 Weapons  (')')
  n - a corroded +1 spear (weapon in right hand)
 Armor    ('[')
  x - an uncursed +0 dwarvish iron helm (being worn)
  F - a blessed thoroughly rusty +1 pair of kicking boots (being worn)
  l - an uncursed +0 cloak of magic resistance (being worn)
  q - an uncursed +1 elven mithril-coat (being worn)
 Comestibles  ('%')
  C - an uncursed slime mold
  P - 2 uncursed bananas
  h - an uncursed cram ration
  L - 3 uncursed food rations
  S - 2 uncursed oranges
  Q - an uncursed tripe ration
  T - an uncursed tin of smoked human meat
  U - an uncursed lichen corpse
  z - an uncursed lizard corpse
 Scrolls  ('?')
  I - a blessed scroll of blank paper
  J - an uncursed scroll of blank paper
  H - 2 cursed scrolls of blank paper
  v - a blessed scroll of earth
 Rings    ('=')
  G - a cursed ring of invisibility
  D - an uncursed ring of shock resistance
  W - an uncursed ring of slow digestion
 Wands    ('/')
  i - a wand of digging (0:6)
  E - a wand of fire (0:7)
  t - a wand of light (0:11)
  V - a wand of make invisible (0:7)
  p - a wand of polymorph (0:4)
  N - a wand of striking (0:3)
  K - a wand of wishing (0:1)
 Tools    ('(')
  a - an uncursed bag of holding containing 46 items
  M - an uncursed sack containing 1 item
  R - an empty uncursed sack
  O - a bag of tricks (0:8)
  B - a bag of tricks (0:6)
  w - an uncursed blindfold
  y - an uncursed oil lamp
  Z - a +0 pick-axe

Contents of the bag of holding:
  2039 gold pieces
  an uncursed amulet of reflection
  2 +0 daggers
  a blessed +1 pair of jumping boots
  an uncursed +0 pair of kicking boots
  an uncursed +0 cloak of protection
  an uncursed slime mold
  2 uncursed apples
  8 uncursed food rations
  an uncursed tin of hill orc meat
  2 uncursed scrolls of identify
  a cursed scroll of identify
  an uncursed scroll of magic mapping
  2 uncursed scrolls of light
  a cursed scroll of light
  a blessed scroll of confuse monster
  an uncursed scroll of confuse monster
  a cursed scroll of remove curse
  an uncursed scroll of fire
  a blessed scroll of enchant armor
  an uncursed spellbook of light
  2 uncursed potions of healing
  a blessed potion of healing
  an uncursed potion of water
  a cursed potion of monster detection
  2 uncursed potions of object detection
  an uncursed potion of oil
  a cursed potion of see invisible
  a blessed potion of see invisible
  a blessed potion of restore ability
  an uncursed potion of restore ability
  a blessed potion of booze
  4 uncursed potions of booze
  2 cursed potions of booze
  a blessed potion of confusion
  a cursed potion of confusion
  an uncursed potion of sleeping
  a cursed ring of aggravate monster
  an uncursed ring of poison resistance
  a cursed ring of teleportation
  a cursed ring of polymorph
  2 uncursed tallow candles
  2 uncursed tallow candles
  2 uncursed partly used tallow candles
  an uncursed partly used tallow candle
  a cursed tallow candle

Contents of the sack:
  a wand of light (0:14)

Kwijibo4686 the Valkyrie's attributes:

Background:
 You were a Fighter, a level 9 human Valkyrie.
 You were neutral, on a mission for Odin
 who was opposed by Tyr (lawful) and Loki (chaotic).
 You were right-handed.
 You were in Sokoban, on level 3.
 You entered the dungeon 8917 turns ago.
 It was nighttime.
 You had 4308 experience points, 812 more were needed to attain level 10.

Basics:
 You had 0 out of 88 hit points.
 You had all 18 energy points (spell power).
 Your armor class was 0.
 Your wallet was empty, but
 you had 2039 zorkmids stashed away in your pack.
 Autopickup was on for '$?!/="' plus thrown.

Final Characteristics:
 Your strength was 18 (peak:18/01, limit:18/100).
 Your dexterity was 16 (limit:18).
 Your constitution was 18 (limit:18).
 Your intelligence was 9 (limit:18).
 Your wisdom was 7 (limit:18).
 Your charisma was 7 (limit:18).

Final Status:
 You weren't hungry.
 You were burdened; movement was slightly slowed.
 You were wielding a spear.
 You had expert skill with spear.

Final Attributes:
 You were piously aligned.
 You were magic-protected.
 You were cold resistant.
 You were telepathic.
 You were stealthy.
 You were guarded.
 You were fast.
 You are dead.

Miscellaneous:
 You didn't encounter any bones levels.
 Total elapsed playing time was 1 hour, 10 minutes and 37 seconds.

Major events:
 Turn
    1: Kwijibo4686 the neutral human Valkyrie entered the dungeon
  844: entered the Gnomish Mines
  856: attained the rank of Skirmisher (level 3)
 1517: attained the rank of Fighter (level 6)
 1841: reached Mine Town
 3854: acquired the Mines' End luckstone
 6003: entered Sokoban
 6264: completed 1st Sokoban level
 7019: completed 2nd Sokoban level
 7615: completed 3rd Sokoban level
 8707: completed 4th Sokoban level
 8917: killed by a Woodland-elf

You didn't know any spells.

Skills:
 Fighting Skills
   bare handed combat [Unskilled]
   two weapon combat  [Unskilled]
   riding             [Unskilled]
 Weapon Skills
   dagger             [Basic]
   axe                [Unskilled]
   pick-axe           [Unskilled]
   short sword        [Unskilled]
   broadsword         [Unskilled]
   long sword         [Unskilled]
   two-handed sword   [Unskilled]
   saber              [Unskilled]
   hammer             [Unskilled]
   quarterstaff       [Unskilled]
   polearms           [Unskilled]
   spear              [Expert]
   trident            [Unskilled]
   lance              [Unskilled]
   sling              [Unskilled]
 Spellcasting Skills
   attack spells      [Unskilled]
   escape spells      [Unskilled]

Voluntary challenges:
 Character rerolling was not enabled.
 You never genocided any monsters.
 You never polymorphed an object.
 You never changed form.
 You used no wishes.
 You violated the special Sokoban rules once.
Achievements:
 You entered a shop.
 You entered the Gnomish Mines.
 You attained the rank of Skirmisher.
 You attained the rank of Fighter.
 You entered Minetown.
 You entered a temple.
 You completed the Gnomish Mines.
 You entered Sokoban.

 The Dungeons of Doom: levels 1 to 7
    Level 1: "v"
       A sink.
    Level 2:
       A general store.
       Stairs down to The Gnomish Mines.
    Level 3:
    Level 4:
       An armor shop, a fountain, a sink.
    Level 5:
       Many fountains.
       Oracle of Delphi.
    Level 6:
       A fountain.
       Stairs up to Sokoban, level 5.
    Level 7:
 The Gnomish Mines: levels 3 to 10
    Level 3:
    Level 4:
    Level 5:
    Level 6:
       Some shops, a temple and an altar, some fountains.
    Level 7:
    Level 8:
    Level 9:
    Level 10:
       A fountain.
 Sokoban: levels 5 up to 2
    Level 2:
       Solved.
    Level 3: <- You were here.
       Solved.
       Final resting place for
          you, killed by a Woodland-elf.
    Level 4:
       Solved.
    Level 5:
       Solved.


Vanquished creatures:
  a lich
  a giant mimic
 an ice troll
  2 stalkers
  2 wargs
  a winter wolf
  2 small mimics
  a sasquatch
  3 ochre jellies
 an energy vortex
  2 pythons
  4 giant beetles
  a quivering blob
  2 cockatrices
  2 winter wolf cubs
  a lynx
  a gremlin
  2 giant spiders
  2 black lights
  2 vampire bats
  a gnome ruler
 an orc mummy
  a dwarf mummy
  4 brown puddings
  a rust monster
 an owlbear
  a lizard
  a dingo
  a blue jelly
  a dust vortex
  a plains centaur
  a snake
 an imp
 an Uruk-hai
 an orc shaman
  3 rock piercers
  a rock mole
  a pony
  3 yellow lights
  a shrieker
 13 gnome leaders
  4 gnomish wizards
  a kobold mummy
  2 ghouls
  a straw golem
  a paper golem
  a giant ant
  3 floating eyes
 22 dwarves
  5 homunculi
  a rabid rat
  a centipede
  4 giant bats
  3 iguanas
  2 gas spores
  5 hobbits
  a large kobold
  2 hobgoblins
  6 cave spiders
  a yellow mold
 58 gnomes
  a gnome zombie
  4 geckos
 10 jackals
  a fox
  4 goblins
  4 sewer rats
  a grid bug
  5 lichens
  8 newts
236 creatures vanquished.

No species were genocided or became extinct.

Game over:
                       ----------
                      /          \
                     /    REST    \
                    /      IN      \
                   /     PEACE      \
                  /                  \
                  |   Kwijibo4686    |
                  |     2039 Au      |
                  |   killed by a    |
                  |   Woodland-elf   |
                  |                  |
                  |                  |
                  |       2026       |
                 *|     *  *  *      | *
        _________)/\\_//(\/(/\)/\//\/|_)_______

Farvel Kwijibo4686 the Valkyrie...

You died in Sokoban on dungeon level 3 with 19538 points,
and 2039 pieces of gold, after 8917 moves.
You were level 9 with a maximum of 88 hit points when you died.

